 Dungeon Crawl Stone Soup version 0.26.1-2-gb8aa6d0cf2 (webtiles) character file.

Game seed: 12175287851425733391

196 pokeman the Magician (level 5, -5/29 HPs)
             Began as a Deep Elf Hedge Wizard on Feb 8, 2021.
             Killed by divine providence
             ... invoked by an orc priest
              (11 damage)
             ... on level 3 of the Dungeon.
             The game lasted 00:06:07 (3250 turns).

pokeman the Magician (Deep Elf Hedge Wizard)        Turns: 3250, Time: 00:06:08

Health: -5/29      AC: 14    Str:  7    XL:     5   Next: 46%
Magic:  1/15       EV: 12    Int: 20    God:
Gold:   91         SH:  0    Dex: 14    Spells: 4/15 levels left

rFire    . . .     SeeInvis .   q - +1 morningstar (protect)
rCold    . . .     Faith    .   (no shield)
rNeg     . . .     Spirit   .   p - +0 leather armour
rPois    .         Reflect  .   k - +1 helmet
rElec    .         Harm     .   o - +0 cloak
rCorr    .         Rampage  .   (no gloves)
Will     .....                  b - +0 pair of boots
Stlth    ++........             (no amulet)
HPRegen  0.09/turn              (no ring)
MPRegen  0.14/turn              (no ring)

@: protection aura, very slightly contaminated
A: no striking features
a: no special abilities


You were on level 3 of the Dungeon.
You visited 1 branch of the dungeon, and saw 3 of its levels.

You collected 91 gold pieces.

Inventory:

Hand Weapons
 q - a +1 morningstar of protection (weapon)
Missiles
 c - 34 arrows
Armour
 b - a +0 pair of boots (worn)
 k - a +1 helmet (worn)
 o - a +0 cloak (worn)
 p - a +0 leather armour (worn)
Scrolls
 a - 2 scrolls of teleportation {unknown}
 e - 7 scrolls of identify {unknown}
 g - 2 scrolls of enchant weapon {unknown}
 h - a scroll of amnesia {unknown}
 l - 2 scrolls of remove curse {unknown}
 m - 2 scrolls of random uselessness {unknown}
 n - 3 scrolls of fear {unknown}
Potions
 d - 2 potions of heal wounds {unknown}
 f - 3 potions of lignification {unknown}
 i - a potion of cancellation {unknown}
 j - a potion of might {unknown}
 r - 2 potions of resistance {unknown}


   Skills:
 - Level 1.0 Fighting
 - Level 1.0 Armour
 - Level 3.3 Dodging
 + Level 2.7 Stealth
 + Level 5.6 Spellcasting
 + Level 3.0 Conjurations
 - Level 1.1 Summonings
 - Level 1.1 Translocations
 - Level 1.0 Fire Magic
 - Level 1.0 Air Magic
 + Level 0.7 Poison Magic


You had 4 spell levels left.
You knew the following spells:

 Your Spells              Type           Power        Failure   Level
a - Magic Dart            Conj           72%          4%          1
b - Mephitic Cloud        Conj/Pois/Air  12%          24%         3
c - Call Imp              Summ           10%          16%         2
d - Blink                 Tloc           N/A          16%         2
e - Conjure Flame         Conj/Fire      13%          21%         3

Your spell library contained the following spells:

 Spells                   Type           Power        Failure   Level
 Slow                     Hex            5%           24%         2


Dungeon Overview and Level Annotations

Branches:
Dungeon (3/15)

Altars:
Ashenzari
Gozag


Message History

Confirm with . or Enter, or press ? or * to list all spells.
The spell is quite dangerous to cast (24% risk of failure)!
Continue anyway?
Aiming: Mephitic Cloud (quite dangerous; 24% risk of failure)
Press: ? - help, Shift-Dir - straight line, f - orc priest
Aim: an orc priest (moderately wounded) That beam is likely to hit you.
Continue anyway?
You miscast Mephitic Cloud.
You are very lightly contaminated with residual magic.
Nothing appears to happen.
The orc priest miscasts a cantrip.
You hit the orc priest.
Your weapon exudes an aura of protection.
The orc priest is heavily wounded.
The orc priest hits you but does no damage.
You hit the orc priest.
The orc priest is severely wounded.
The orc priest hits you but does no damage.
The orc priest mumbles some strange prayers to Beogh against you.
Beogh smites you!
You die...

##.##...#####..
#
#..##.#.......#
#.
##.....#######..
#.# #####..#####
#..#####..)..##
#.......##)##
###..#####.#
#...####.#
#.#.#.o@.#
#.#...####
#.....#
#........
)))##§§##...
.)##. §§≈≈ ..#
.) ).#≈§.≈# .. .
#. #≈_>§# . ##
#≈≈≈≈#


You could see an orc priest.

Vanquished Creatures
  An orc priest (D:3)
  3 gnolls (D:3)
  4 adders
  An ooze (D:1)
  A worm (D:2)
  A dart slug (D:2)
  3 leopard geckos
  16 orcs (D:3)
  2 ball pythons
  3 giant cockroaches
  9 goblins
  4 hobgoblins
  6 jackals
  A quokka (D:2)
  2 bats
  3 frilled lizards
  13 kobolds
  2 rats (D:1)
75 creatures vanquished.

Vanquished Creatures (collateral kills)
  A gnoll (D:2)
1 creature vanquished.

Grand Total: 76 creatures vanquished

Notes
Turn   | Place    | Note
-------+----------+-------------------------------------------
     0 | D:1      | pokeman the Deep Elf Hedge Wizard began the quest for the
                  | Orb.
     0 | D:1      | Reached XP level 1. HP: 10/10 MP: 7/7
   256 | D:1      | Reached XP level 2. HP: 16/16 MP: 6/9
  1016 | D:2      | Reached XP level 3. HP: 20/20 MP: 7/11
  1020 | D:2      | Learned a level 3 spell: Mephitic Cloud
  1023 | D:2      | Learned a level 2 spell: Call Imp
  1026 | D:2      | Learned a level 2 spell: Blink
  1030 | D:2      | Learned a level 3 spell: Conjure Flame
  1207 | D:2      | Reached skill level 1 in Fighting
  1207 | D:2      | Reached skill level 1 in Armour
  1252 | D:2      | Reached skill level 5 in Spellcasting
  1536 | D:2      | Reached XP level 4. HP: 25/25 MP: 8/13
  2116 | D:2      | Found an opulent altar of Gozag.
  2480 | D:3      | Reached skill level 1 in Fire Magic
  2895 | D:3      | Reached XP level 5. HP: 29/29 MP: 11/14
  3168 | D:3      | Reached skill level 1 in Air Magic
  3216 | D:3      | Found a broken altar of Ashenzari.
  3250 | D:3      | Killed from afar by an orc priest

Illustrated notes

Levels and vault maps discovered:
D:1:      onia_arrival_mini_spirals, layout_rooms, solitary_fountain,
          minmay_tetromino_l2
D:2:      layout_basic, fountainhead, nicolae_gozag_seed_capital
D:3:      minmay_general_purpose_star, layout_rooms, general_overflow_altar,
          makhleb_altar_promises_db, uniq_sigmund

Skill      XL: |  1  2  3  4  5 |
---------------+----------------+-----
Conjurations   | 2 3 |  3.0
Fighting       | 1 |  1.0
Armour         | 1 |  1.0
Spellcasting   | 5 |  5.6
Fire Magic     | 1 |  1.0
Dodging        | 3 |  3.3
Air Magic      | 1 |  1.0
Stealth        | |  2.7
Summonings     | |  1.1
Translocations | |  1.1
Poison Magic   | |  0.7

Action                   |  1- 3 |  4- 6 || total
-------------------------+-------+-------++-------
Melee: Dagger            |       |    12 ||    12
       Morningstar       |       |    26 ||    26
 Cast: Magic Dart        |    82 |   113 ||   195
       Call Imp          |       |     2 ||     2
       Mephitic Cloud    |       |     1 ||     1
Armor: Robe              |     2 |       ||     2
       Leather armour    |     3 |    37 ||    40
Dodge: Dodged            |     7 |    59 ||    66
